 Dungeon Crawl Stone Soup version 0.25.1-9-gc5326a611f (webtiles) character file.

Game seed: 11235220451816600210

3818 mystokess the Grappler (level 9, -4/92 HPs)
             Began as a Troll Monk on Dec 24, 2020.
             Was a High Priest of Elyvilon.
             Slain by a two-headed ogre
             ... wielding a +0 giant club
              (15 damage)
             ... on level 8 of the Dungeon.
             The game lasted 01:01:16 (5961 turns).

mystokess the Grappler (Troll Monk)                 Turns: 5961, Time: 01:01:17

Health: -4/92      AC:  7    Str: 21    XL:     9   Next: 97%
Magic:  11/11      EV: 15    Int:  6    God:    Elyvilon [*****.]
Gold:   314        SH:  0    Dex: 15    Spells: 8/8 levels left

rFire    . . .     SeeInvis .     - Unarmed
rCold    . . .     Gourm    +   (no shield)
rNeg     . . .     Faith    +   C - +0 robe (curse)
rPois    +         Spirit   .   (helmet restricted)
rElec    .         Reflect  .   h - +0 cloak
rCorr    .         Harm     .   (gloves unavailable)
MR       .....                  (boots unavailable)
Stlth    ++........             n - amulet of faith
HPRegen  0.65/turn              g - +4 ring of evasion
MPRegen  0.12/turn              J - ring of poison resistance

@: lightly drained
A: large, unfitting armour, claws 3, fast metabolism 3, gourmand, regeneration
1, shaggy fur 1, tough skin 3
a: Lesser Healing, Heal Other, Purification, Greater Healing, Divine Vigour,
Divine Protection, Renounce Religion


You were on level 8 of the Dungeon.
You worshipped Elyvilon.
Elyvilon was extremely pleased with you.
You were very full.

You visited 1 branch of the dungeon, and saw 8 of its levels.
You also visited: Sewer.

You collected 314 gold pieces.

Inventory:

Missiles
 d - 25 poisoned darts
 e - 5 silver javelins (quivered)
 f - 228 stones
 k - 7 boomerangs
 A - 3 large rocks
Armour
 h - a +0 cloak (worn)
 o - a +0 tower shield
 C - a cursed +0 robe (worn)
Jewellery
 g - a +4 ring of evasion (left claw)
 n - an amulet of faith (around neck)
 r - an uncursed amulet of reflection
 w - an uncursed ring of fire
 E - a +4 ring of evasion
 J - a ring of poison resistance (right claw)
 L - an uncursed amulet of the acrobat {unknown}
Wands
 l - a wand of enslavement (5)
 u - a wand of flame (17)
 v - a wand of iceblast (11)
 z - a wand of clouds (5)
 F - a wand of polymorph (7)
 I - a wand of digging (3)
Scrolls
 a - 2 scrolls of remove curse
 c - 4 scrolls of teleportation
 p - 3 scrolls of blinking
 q - a scroll of noise {unknown}
 s - 2 scrolls of magic mapping
 x - a scroll of immolation {unknown}
 y - a scroll of amnesia {unknown}
Potions
 i - 4 potions of curing
 j - 3 potions of stabbing
 m - a potion of lignification {unknown}
 t - 6 potions of heal wounds
 B - a potion of brilliance {unknown}
 D - 2 potions of mutation
 G - a potion of might
 H - a potion of haste {unknown}
Miscellaneous
 M - a phial of floods
 N - 2 boxes of beasts
Comestibles
 b - 13 rations


   Skills:
 + Level 6.8(6.7) Fighting
 - Level 2.0(1.8) Throwing
 - Level 3.0(2.9) Dodging
 - Level 1.0(0.9) Stealth
 * Level 4.0(3.9) Shields
 - Level 10.0(9.8) Unarmed Combat
 - Level 4.0(3.8) Invocations


You had 8 spell levels left.
You didn't know any spells.
Your spell library contained the following spells:

 Spells                   Type           Power        Failure   Level  Hunger
 Beastly Appendage        Tmut           #.....       45%         1    ##.....
 Sting                    Tmut/Pois      #...         45%         1    ##.....
 Leda's Liquefaction      Hex/Erth       #.........   99%         4    #####..
 Eringya's Noxious Bog    Tmut/Pois      #.........   100%        6    #######
 Discord                  Hex            #.........   100%        8    #######


Dungeon Overview and Level Annotations

Branches:
Dungeon (8/15)             Temple (0/1) D:7           Sewer (visited)
   Lair: D:8-11

Altars:
Ashenzari
Elyvilon
Fedhas
Kikubaaqudgha
Ru

Shops:
D:5 %

Annotations:
D:3 1 runed translucent door, Crazy Yiuf
D:4 exclusions: door and 1 more exclusion, Sigmund
D:6 2 runed translucent doors, Demnio's ghost, novice BaHu


Innate Abilities, Weirdness & Mutations

You are too large for most types of armour.
You have claws for hands.
Your metabolism is lightning-fast.
You like to eat raw meat.
Your natural rate of healing is unusually fast.
You are covered in fur. (AC +1)
You have extremely tough skin. (AC +3)


Message History

You barely miss the water moccasin.
The water moccasin is moderately wounded.
The water moccasin bites you but does no damage.
You mangle the water moccasin!!
You kill the water moccasin!
Your base Shields skill increases to level 4!
You claw the two-headed ogre! x2
The two-headed ogre is severely wounded.
The two-headed ogre hits you with a +0 giant club!!
The two-headed ogre hits you with a +0 giant club.
* * * LOW HITPOINT WARNING * * *
You are healed.
You feel somewhat less full.
The two-headed ogre hits you with a +0 giant club!!
* * * LOW HITPOINT WARNING * * *
The two-headed ogre misses you.
There is a stone staircase leading up here.
The two-headed ogre hits you with a +0 giant club!
* * * LOW HITPOINT WARNING * * *
The two-headed ogre hits you with a +0 giant club!
You die...

### #@# #O#
#+# #o# #.#
#.# #.# #o#
#.######
#.#####......#
#...o.o......#
#######......#
.....(.......#


You could see a two-headed ogre, an orc warrior and an orc.

Vanquished Creatures
  Pikel (D:4)
  A cyclops (D:7)
  A gargoyle (D:6)
  A hornet (D:7)
  A wyvern (D:7)
  A water moccasin (D:8)
  An ice beast (D:7)
  A black bear (D:6)
  An ogre (D:5)
  2 centaurs
  A crocodile (Sewer)
  Blork the orc (D:6)
  3 bullfrogs (D:6)
  2 scorpions
  2 wights (D:7)
  2 howler monkeys
  A crimson imp (D:5)
  A bullfrog zombie (D:7)
  6 hounds
  A bullfrog skeleton (D:5)
  4 jellies
  2 orc priests
  Ijyb (D:4)
  Jessica (D:2)
  Terence (D:2)
  4 iguanas
  5 orc wizards
  5 worker ants
  A howler monkey skeleton (D:5)
  9 adders
  2 river rats (D:6)
  2 shadow imps (D:7)
  An ooze (D:3)
  2 adder skeletons (D:4)
  A worm (D:3)
  4 dart slugs
  4 leopard geckos
  13 orcs
  4 ball pythons
  5 giant cockroaches
  5 goblins
  12 hobgoblins
  9 jackals
  12 kobolds
  6 bats
  6 frilled lizards
  A giant cockroach zombie (D:6)
  A jackal skeleton (D:3)
  7 rats
161 creatures vanquished.

Vanquished Creatures (others)
  A slave (D:4)
  A black bear (D:7)
  An orc (D:3)
  A leopard gecko skeleton (D:4)
4 creatures vanquished.

Grand Total: 165 creatures vanquished

Notes
Turn   | Place    | Note
-------+----------+-------------------------------------------
     0 | D:1      | mystokess the Troll Monk began the quest for the Orb.
     0 | D:1      | Reached XP level 1. HP: 22/22 MP: 0/0
   211 | D:1      | Reached XP level 2. HP: 29/29 MP: 1/1
   646 | D:1      | Reached XP level 3. HP: 36/36 MP: 2/2
   932 | D:2      | Noticed Jessica
   955 | D:2      | Killed Jessica
   955 | D:2      | Reached skill level 1 in Throwing
   955 | D:2      | Reached skill level 4 in Unarmed Combat
   955 | D:2      | Reached XP level 4. HP: 44/44 MP: 3/3
  1319 | D:2      | Noticed Terence
  1330 | D:2      | Killed Terence
  1865 | D:3      | Found a white marble altar of Elyvilon.
  1874 | D:3      | Reached XP level 5. HP: 53/53 MP: 4/4
  2115 | D:3      | Became a worshipper of Elyvilon the Healer
  2115 | D:3      | Reached * piety under Elyvilon
  2115 | D:3      | Reached ** piety under Elyvilon
  2248 | D:3      | Found a runed translucent door.
  2249 | D:3      | Noticed Crazy Yiuf
  2656 | D:4      | Noticed Ijyb
  2668 | D:4      | Killed Ijyb
  2725 | D:4      | Reached skill level 5 in Unarmed Combat
  2794 | D:4      | Reached XP level 6. HP: 59/61 MP: 5/5
  2927 | D:4      | Noticed Pikel
  2928 | D:4      | Noticed a slave
  2929 | D:4      | Noticed a slave
  2931 | D:4      | Noticed a slave
  2940 | D:4      | Noticed a slave
  2951 | D:4      | Killed Pikel
  2951 | D:4      | Reached skill level 7 in Unarmed Combat
  2951 | D:4      | Reached XP level 7. HP: 43/71 MP: 6/6
  3048 | D:4      | Noticed Sigmund
  3268 | D:4      | Reached *** piety under Elyvilon
  3292 | D:5      | Entered Level 5 of the Dungeon
  3390 | D:5      | Found Ocas's Food Shop.
  3527 | D:5      | Reached skill level 1 in Invocations
  3650 | D:5      | Reached XP level 8. HP: 79/79 MP: 6/8
  3988 | D:6      | Noticed a gargoyle
  3993 | D:6      | Reached skill level 5 in Fighting
  3993 | D:6      | Reached skill level 8 in Unarmed Combat
  3999 | D:6      | Killed a gargoyle
  4024 | D:6      | Found a glowing drain.
  4030 | Sewer    | Entered a sewer
  4349 | D:6      | Reached **** piety under Elyvilon
  4405 | D:6      | Noticed Blork the orc
  4429 | D:5      | Reached skill level 9 in Unarmed Combat
  4487 | D:6      | Found a sacrificial altar of Ru.
  4487 | D:6      | Found a shattered altar of Ashenzari.
  4495 | D:6      | Reached XP level 9. HP: 88/88 MP: 10/10
  4552 | D:6      | Killed Blork the orc
  4734 | D:6      | Found a large runed translucent door.
  4734 | D:6      | Found a large runed translucent door.
  4735 | D:6      | Noticed Demnio's ghost (novice BaHu)
  5306 | D:7      | Reached ***** piety under Elyvilon
  5317 | D:7      | Found an ancient bone altar of Kikubaaqudgha.
  5320 | D:7      | Found a blossoming altar of Fedhas.
  5474 | D:7      | Found a staircase to the Ecumenical Temple.
  5513 | D:7      | Found a runed translucent door.
  5541 | D:7      | Reached skill level 1 in Shields
  5597 | D:7      | Noticed a cyclops
  5608 | D:7      | Killed a cyclops
  5608 | D:7      | Reached skill level 10 in Unarmed Combat
  5612 | D:7      | Paralysed by a hornet for 1 turns
  5661 | D:7      | Identified the Handbook of Bewitchment and Transmutation
  5921 | D:8      | Noticed a two-headed ogre
  5961 | D:8      | Slain by a two-headed ogre

Illustrated notes

Levels and vault maps discovered:
D:1:      roderic_octagonal_star, layout_basic
D:2:      layout_loops_cross, roderic_roman_lattice, minmay_increasing_density,
          uniq_jessica, uniq_terence
D:3:      layout_basic, elyvilon_altar_4, uniq_crazy_yiuf_cottage
D:4:      layout_basic, first_ration, uniq_ijyb, uniq_pikel, uniq_sigmund
D:5:      layout_loops_ring, serial_shops, shop, kennysheep_generic_room_13
D:6:      layout_loops_cross, grunt_temple_overflow_open, portal_sewer_entry_e,
          ebering_ghost_disaster_area, uniq_blork_the_orc
D:7:      minmay_the_grid_triangle_9x9_rhombus_thin
          [minmay_the_grid_triangle_9x9_sparse_checkered,
          minmay_the_grid_triangle_9x9_prize_insulated,
          minmay_the_grid_triangle_9x9_subtriangle,
          minmay_the_grid_triangle_9x9_empty], layout_basic,
          grunt_temple_overflow_growth_and_decay, minmay_temple_entry_nine_rooms
D:8:      layout_basic, gammafunk_temple_overflow_forgotten

Skill      XL: |  1  2  3  4  5  6  7  8  9 |
---------------+----------------------------+-----
Throwing       | 1 2 |  2.0
Unarmed Combat | 4 5 7 9 10 | 10.0
Dodging        | 3 |  3.0
Fighting       | 3 4 5 6 |  6.8
Invocations    | 1 3 4 |  4.0
Shields        | 4 |  4.0
Stealth        | |  1.0

Action                   |  1- 3 |  4- 6 |  7- 9 || total
-------------------------+-------+-------+-------++-------
Melee: Unarmed           |    86 |   108 |   193 ||   387
       Punch             |       |       |    17 ||    17
Throw: Dart              |     9 |    42 |     7 ||    58
       Javelin           |       |     1 |    11 ||    12
       Boomerang         |       |       |    10 ||    10
       Large rock        |       |       |     1 ||     1
Invok: Lesser Healing    |       |       |     2 ||     2
       Heal Other        |       |       |     2 ||     2
  Use: Scroll            |       |     6 |     4 ||    10
 Stab: Sleeping          |     2 |     3 |     5 ||    10
       Distracted        |       |       |     1 ||     1
  Eat: Chunk             |    14 |    18 |    28 ||    60
Armor: Robe              |    16 |    19 |    25 ||    60
Dodge: Dodged            |    42 |    41 |   128 ||   211
Block: Other             |       |    18 |     9 ||    27
       Reflection        |       |       |     3 ||     3
